 Dungeon Crawl Stone Soup version 0.20.1-1-g8b1a95d (webtiles) character file.

41 vatarom the Sneak (level 3, -1/18 HPs)
             Began as a Vine Stalker Assassin on Sept 14, 2017.
             Was an Initiate of Ashenzari.
             Slain by a hound skeleton (3 damage)
             ... on level 4 of the Dungeon.
             The game lasted 00:02:43 (1188 turns).

vatarom the Sneak (Vine Stalker Assassin)           Turns: 1188, Time: 00:02:44

Health: -1/18      AC:  3    Str: 14    XL:     3   Next: 52%
Magic:  0/4        EV: 12    Int: 11    God:    Ashenzari [......]
Gold:   127        SH:  0    Dex: 15    Spells: 2/2 levels left

rFire    . . .     SeeInvis .   a - +2 dagger
rCold    . . .     Gourm    .   (no shield)
rNeg     . . .     Faith    .   c - +0 robe
rPois    .         Spirit   +   (no helmet)
rElec    .         Reflect  .   d - +0 cloak
rCorr    .         Harm     .   (no gloves)
MR       .....                  (no boots)
Stlth    +++.......             (no amulet)
Regen    0.1/turn               (no ring)
MPRegen  0.1/turn               (no ring)

@: no status effects
A: fangs 2, magic shield, antimagic bite, no potion heal 3, rot immunity
a: Curse Item, Renounce Religion


You were on level 4 of the Dungeon.
You worshipped Ashenzari.
Ashenzari was noncommittal.
You were hungry.

You visited 1 branch of the dungeon, and saw 3 of its levels.

You collected 127 gold pieces.

Inventory:

Hand Weapons
 a - a +2 dagger (weapon)
 b - a +0 blowgun
Missiles
 e - 8 poisoned needles
 f - 2 curare-tipped needles
Armour
 c - a +0 robe (worn)
 d - a +0 cloak (worn)
 p - a +0 buckler
Scrolls
 q - a scroll of noise {unknown}
Potions
 j - a potion of ambrosia {unknown}
 k - a potion of flight {unknown}
 l - 5 potions of curing {unknown}
 m - a potion of degeneration {unknown}
 o - a potion of magic {unknown}
Books
 n - a book of Geomancy

   Spells                             Type                      Level
   a - Sandblast                      Earth                        1
   b - Passwall                       Transmutation/Earth          2
   c - Stone Arrow                    Conjuration/Earth            3
   d - Petrify                        Transmutation/Earth          4
   e - Lee's Rapid Deconstruction     Earth                        5
Comestibles
 g - 4 bread rations
 i - a royal jelly


   Skills:
 + Level 2.2 Fighting
 * Level 2.9 Short Blades
 - Level 1.7 Throwing
 + Level 1.1 Dodging
 - Level 4.8 Stealth


You had 2 spell levels left.
You didn't know any spells.

Dungeon Overview and Level Annotations

Branches:
Dungeon (2/15)

Altars:
Ashenzari


Innate Abilities, Weirdness & Mutations

You have extremely sharp teeth.
When hurt, damage is shared between your health and your magic reserves.
Your bite disrupts and absorbs the magic of your enemies.
Potions cannot restore your health.
You are immune to rotting.


Message History

You hit the orc but do no damage. Your bite misses the orc.
The orc is heavily wounded.
The orc hits you with a short sword. The orc hits you with a hand axe.
Unknown command.
As you read the scroll labeled LUNLIWK GEQYRO, it crumbles to dust.
The scroll dissolves into smoke.
It was a scroll of fog.
The orc misses you. The orc barely misses you.
Unknown command.
The orc misses you.
You hit the orc. You bite the orc. You drain its power.
You feel invigorated.
You kill the orc!
You hit the orc but do no damage. The orc hits you with a hand axe.
* * * LOW HITPOINT WARNING * * *
You barely miss the orc. Your bite misses the orc.
The hound skeleton closely misses you. The orc hits you with a hand axe.
* * * LOW HITPOINT WARNING * * *
Unknown command.
Found 19 gold pieces.
The hound skeleton bites you.
You die...

# #.##.#$... .##
......... ...
.........## # ##.
..........#.# #..
..$.....#.#.## ##.#
.............########...
.......................#
.......@Z##§##..####.###
......#.o§§.# #.##...#
....# #.%§§§###....###
... #..#.§§§§§...### .
##.####§§§...### #.
#o§§......# ##
#§####.##.# #Z# ..# ..
../...oo....... .#


You could see an orc and a hound skeleton.

Vanquished Creatures
  An adder (D:4)
  2 leopard geckos
  An orc (D:4)
  6 goblins
  2 hobgoblins
  3 jackals (D:1)
  A kobold (D:1)
  6 bats (D:1)
  6 rats
28 creatures vanquished.

Notes
Turn   | Place    | Note
-------+----------+-------------------------------------------
     0 | D:1      | vatarom the Vine Stalker Assassin began the quest for the Orb.
     0 | D:1      | Reached XP level 1. HP: 11/11 MP: 2/2
    54 | D:1      | Reached XP level 2. HP: 13/15 MP: 3/3
   162 | D:1      | Reached skill level 1 in Dodging
   503 | D:2      | Reached XP level 3. HP: 18/18 MP: 4/4
   676 | D:2      | Found a shattered altar of Ashenzari.
   712 | D:2      | Became a worshipper of Ashenzari the Shackled
   940 | D:2      | You fall through a shaft for 2 floors!
  1188 | D:4      | Slain by a hound skeleton

Skill      XL: |  1  2 |
---------------+-------+-----
Fighting       | 2 |  2.2
Short Blades   | 2 |  2.9
Dodging        | 1 |  1.1
Throwing       | |  1.7
Stealth        | |  4.8

Action                   || total
-------------------------++-------
Melee: Dagger            ||    71
       Bite              ||    13
  Use: Scroll            ||     3
 Stab: Sleeping          ||     7
Armor: Robe              ||    15
Dodge: Dodged            ||    27
